 Dungeon Crawl Stone Soup version 0.28.0 (webtiles) character file.

Game seed: 263561471340727590

336 themarg the Caller (level 6, -4/42 HPs)
             Began as a Merfolk Summoner on Feb 10, 2022.
             Slain by Duvessa (9 damage)
             ... on level 4 of the Dungeon.
             The game lasted 00:32:52 (4720 turns).

themarg the Caller (Merfolk Summoner)               Turns: 4720, Time: 00:32:52

Health: -4/42      AC:  4    Str:  9    XL:     6   Next: 54%
Magic:  4/12       EV: 13    Int: 16    God:
Gold:   171        SH:  0    Dex: 14    Spells: 6/13 levels left

rFire   . . .      SeeInvis .   l - +2 dagger (holy)
rCold   . . .      Faith    .   (no shield)
rNeg    . . .      Spirit   .   a - +0 robe
rPois   .          Reflect  .   k - +0 helmet
rElec   .          Harm     .   e - +0 cloak
rCorr   .          Rampage  .   (no gloves)
Will    .....                   (no boots)
Stlth   ++........              (no amulet)
HPRegen 0.14/turn               (no ring)
MPRegen 0.13/turn               (no ring)

@: no status effects
A: (nimble swimmer 2), mertail
a: no special abilities


You were on level 4 of the Dungeon.
You visited 1 branch of the dungeon, and saw 4 of its levels.

You collected 171 gold pieces.

Inventory:

Hand Weapons
 c - a +0 dagger
 l - a +2 dagger of holy wrath (weapon)
Missiles
 g - 54 stones (quivered)
 m - 2 poisoned darts
Armour
 a - a +0 robe (worn)
 e - a +0 cloak (worn)
 k - a +0 helmet (worn)
Magical Staves
 b - a staff of death
Scrolls
 i - a scroll of noise {unknown}
 j - a scroll of teleportation {unknown}
 n - a scroll of identify {unknown}
Potions
 d - 2 potions of brilliance {unknown}
 f - a potion of attraction {unknown}
 h - 2 potions of invisibility {unknown}


   Skills:
 + Level 0.9 Fighting
 + Level 2.2 Short Blades
 + Level 3.4 Dodging
 + Level 3.0 Stealth
 + Level 4.1 Spellcasting
 + Level 5.3 Summonings


You had 6 spell levels left.
You knew the following spells:

 Your Spells              Type           Power      Damage    Failure   Level
a - Summon Small Mammal   Summ           80%        N/A       1%          1
b - Call Canine Familiar  Summ           20%        N/A       5%          3
c - Summon Guardian Gole  Hex/Summ       11%        N/A       17%         3

Your spell library contained the following spells:

 Spells                   Type           Power      Damage    Failure   Level
 Call Imp                 Summ           20%        N/A       2%          2
 Animate Skeleton         Necr           6%         N/A       17%         1
 Pain                     Necr           12%        1d4       17%         1
 Vampiric Draining        Necr           3%         2d6       45%         3
 Summon Lightning Spire   Summ/Air       11%        N/A       50%         4


Dungeon Overview and Level Annotations

Branches:
Dungeon (4/15)
 Temple: D:4-7

Altars:
Trog
Xom

Annotations:
D:3 1 runed translucent door, exclusion: 2 downstairs, Crazy Yiuf
D:4 Dowan, Duvessa


Innate Abilities, Weirdness & Mutations

((You are very nimble when in or above water. (Stealth+, EV+, Speed+++)))
Your lower body shifts to a powerful aquatic tail in water.


Message History

Duvessa hits you with a +0 rapier!
Your hound bites Duvessa but does no damage.
Your rat closely misses Duvessa.
You climb upwards.
Your summoned allies are left behind.
Level annotation: 1 runed translucent door, exclusion: 2 downstairs, Crazy Yiuf
There is a stone staircase leading down here.
This staircase is marked as excluded!
Enter next level anyway?
You climb downwards.
Level annotation: Dowan, Duvessa Your hound disappears in a puff of smoke!
Your rat disappears in a puff of smoke!
Duvessa hits you with a +0 rapier!
Dowan casts a spell at Duvessa.
Duvessa seems to speed up.
Duvessa says, "Where magic fails, the sword succeeds!"
Duvessa barely misses you.
There is a stone staircase leading up, spattered with blood here.
Casting: Summon Small Mammal (safe; 1% risk of failure)
Confirm with . or Enter, or press ? or * to list all spells.
Duvessa hits you with a +0 rapier! Duvessa hits you with a +0 rapier.
* * * LOW HITPOINT WARNING * * *
Your hound barely misses Duvessa.
Duvessa hits your hound with a +0 rapier!
Your hound closely misses Duvessa.
You aren't carrying any items that you can evoke.
Duvessa hits your hound with a +0 rapier!
Your hound dies!
Your hound's corpse disappears in a puff of smoke!
Dowan mumbles some strange words.
Dowan blinks!
Duvessa says, "Beauty is only skin deep, and my weapons penetrate much further than that."
Casting: Call Canine Familiar (dangerous; 5% risk of failure)
Confirm with . or Enter, or press ? or * to list all spells.
Dowan mumbles some strange words.
Dowan blinks!
Duvessa hits you with a +0 rapier!
* * * LOW HITPOINT WARNING * * *
Duvessa hits you with a +0 rapier!
You die...

...#..................#
.....................#
###....................#
......................#
#..............e.....##
#.<.................#<.
#............#.........
#.........# #..........
#.....@...###..........
#.....e................
#......he..####........
#.........## ##...##..
##.......## ########
##?....## #######


You could see Duvessa (fast, ally target), Dowan and a friendly hound
(summoned).

Vanquished Creatures
  2 adders
  A worm (D:2)
  4 dart slugs
  3 orcs (D:3)
  2 ball pythons
  3 bats (D:3)
  4 giant cockroaches
  2 goblins
  3 hobgoblins
  A quokka (D:1)
  3 kobolds
  A rat (D:3)
29 creatures vanquished.

Vanquished Creatures (collateral kills)
  A howler monkey (D:3)
  An orc priest (D:3)
  A hound (D:2)
  2 orc wizards (D:3)
  2 hound zombies (D:2)
  2 adders
  2 adder skeletons (D:2)
  3 worms
  A dart slug (D:2)
  8 orcs (D:3)
  4 ball pythons
  2 bats
  2 endoplasms (D:2)
  8 goblins
  5 hobgoblins
  4 quokkas
  2 ball python skeletons (D:2)
  A ball python zombie (D:2)
  2 frilled lizards
  4 kobolds
  A quokka zombie (D:2)
  7 rats
65 creatures vanquished.

Grand Total: 94 creatures vanquished

Notes
Turn   | Place    | Note
-------+----------+-------------------------------------------
     0 | D:1      | themarg the Merfolk Summoner began the quest for the Orb.
     0 | D:1      | Reached XP level 1. HP: 13/13 MP: 3/3
   239 | D:1      | Reached XP level 2. HP: 19/19 MP: 1/5
  1031 | D:1      | Reached XP level 3. HP: 21/24 MP: 3/6
  1084 | D:1      | Learned a level 3 spell: Call Canine Familiar
  1803 | D:2      | Reached skill level 1 in Short Blades
  2026 | D:2      | Reached XP level 4. HP: 31/31 MP: 5/7
  2051 | D:2      | Found a bloodstained altar of Trog.
  2336 | D:2      | Reached XP level 5. HP: 36/36 MP: 6/9
  2729 | D:2      | Learned a level 3 spell: Summon Guardian Golem
  2944 | D:3      | Reached skill level 5 in Summonings
  3273 | D:3      | Found a shimmering altar of Xom.
  3585 | D:3      | Found a faded altar of an unknown god.
  3677 | D:3      | Found a runed translucent door.
  3678 | D:3      | Noticed Crazy Yiuf
  3910 | D:3      | Reached XP level 6. HP: 42/42 MP: 5/11
  4512 | D:4      | Noticed Duvessa
  4513 | D:4      | Noticed Dowan
  4720 | D:4      | Slain by Duvessa

Illustrated notes

Levels and vault maps discovered:
D:1:      roderic_crossed_star, layout_loops_ring
D:2:      layout_loops_cross, serial_undead, serial_undead_b, serial_undead_d,
          serial_undead_f, serial_undead_f, basic_altar, minivault_23
D:3:      layout_loops_ring, mainiacjoe_overflow_surrounded_room,
          shapermc_ecumenical_altar_flowoftime, uniq_crazy_yiuf_cottage
D:4:      layout_rooms, lemuel_round_altar, uniq_duvessa, uniq_natasha

Skill      XL: |  1  2  3  4  5  6 |
---------------+-------------------+-----
Dodging        | 3 |  3.4
Short Blades   | 1 2 |  2.2
Spellcasting   | 3 4 |  4.1
Summonings     | 5 |  5.3
Stealth        | 3 |  3.0
Fighting       | |  0.9

Action                   |  1- 3 |  4- 6 || total
-------------------------+-------+-------++-------
Melee: Dagger            |    93 |    70 ||   163
       Staff             |     3 |       ||     3
       Punch             |       |     1 ||     1
Throw: Dart              |       |     2 ||     2
       Stone             |       |     1 ||     1
 Cast: Summon Small Mamm |    49 |     9 ||    58
       Call Canine Famil |     4 |    29 ||    33
 Stab: Distracted        |     2 |     1 ||     3
       Sleeping          |       |     3 ||     3
Armor: Robe              |    19 |    11 ||    30
Dodge: Dodged            |    53 |    52 ||   105
